 Dungeon Crawl Stone Soup version 0.29.1-15-g9cfb28693d (webtiles) character file.

Game seed: 2196125717284593386

4 ThatPearl the Insei (level 1, 0/17 HPs)
             Began as a Djinni Transmuter on Mar 25, 2023.
             Slain by a ball python (2 damage)
             ... on level 1 of the Dungeon.
             The game lasted 00:00:45 (235 turns).

ThatPearl the Insei (Djinni Transmuter)              Turns: 235, Time: 00:00:45

Health: 0/17       AC:  2    Str:  9    XL:     1   Next: 66%
Gold:   23         EV:  9    Int: 14    God:
                   SH:  0    Dex: 13

rFire   + + .      SeeInvis .     - Unarmed
rCold   x . .      Faith    .   (no shield)
rNeg    . . .      Spirit   .   a - +0 robe
rPois   ∞          Reflect  .   (helmet currently unavailable)
rElec   .          Harm     .   (no cloak)
rCorr   .          Rampage  .   (no gloves)
Will    .....                   (boots unavailable)
Stlth   +.........              (no amulet)
HPRegen 0.05/turn               (no ring)
MPRegen 0.00/turn               (no ring)

@: appendages, flying, constricted
A: horns 2, flying, sickness immunity, fire resistance 2, cold vulnerability 1,
float, innate caster, HP casting, extra vitality 1
a: End Transformation


You were on level 1 of the Dungeon.
You had temporarily grown beastly horns.
You visited 1 branch of the dungeon, and saw 1 of its levels.

You collected 23 gold pieces.

Inventory:

Missiles
 f - 3 stones
Armour
 a - a +0 robe (worn)
Scrolls
 c - a scroll of vulnerability {unknown}
 e - a scroll of blinking {unknown}
 g - a scroll of enchant weapon {unknown}
Potions
 b - a potion of lignification
 d - a potion of haste {unknown}


   Skills:
 - Level 1.0 Fighting
 + Level 2.3 Dodging
 * Level 3.1 Unarmed Combat
 + Level 1.6 Spellcasting


You couldn't memorise any spells.
You knew the following spells:

 Your Spells              Type           Power      Damage    Failure   Level
a - Beastly Appendage     Tmut           10%        N/A       13%         1
b - Wereblood             Tmut           5%         N/A       19%         2
c - Spider Form           Tmut/Pois      5%         N/A       36%         3
d - Ice Form              Ice/Tmut       5%         N/A       77%         4
Your spell library was empty.

Dungeon Overview and Level Annotations

Branches:
Dungeon (1/15)

Altars:


Innate Abilities, Weirdness & Mutations

You have temporarily grown beastly horns.
You are flying.
You are immune to sickness and miasma.
You are immune to poison.
Your flesh is very heat resistant. (rF++)
You are vulnerable to cold. (rC-)
You float through the air rather than walking.
You learn spells naturally, not from books.
Your magical power is your life essence.
You have superior vitality. (+4 MHP)


Message History

A bat comes into view.
Found 4 stones.
The ball python hisses angrily.
Found a spear.
The hobgoblin shouts!
The bat barely misses you. The frilled lizard closely misses you.
The bat closely misses you.
You closely miss the bat. The bat completely misses you.
The frilled lizard closely misses you.
You miss the bat. The bat barely misses you. The frilled lizard bites you.
Casting: Beastly Appendage (safe; 13% risk of failure)
Confirm with . or Enter, or press ? or * to list all spells.
You grow a pair of large bovine horns.
The bat hits you.
The frilled lizard unfolds its giant frill.
The frilled lizard barely misses you.
You hit the frilled lizard.
The frilled lizard is heavily wounded.
The bat hits you but does no damage. The frilled lizard closely misses you.
You closely miss the frilled lizard.
The frilled lizard is heavily wounded.
The bat completely misses you. The ball python bites you.
The ball python grabs you. The ball python constricts you.
The hobgoblin closely misses you. The frilled lizard barely misses you.
Your magical contamination has completely faded away.
You closely miss the frilled lizard.
The frilled lizard is heavily wounded.
The bat closely misses you. The bat hits you.
The ball python bites you but does no damage.
The ball python constricts you.
A goblin comes into view. It is wielding a +0 dagger.
The hobgoblin misses you. The frilled lizard bites you.
The goblin shouts!
You hit the frilled lizard.
You kill the frilled lizard!
The bat barely misses you. The bat hits you.
The ball python bites you but does no damage.
The ball python constricts you. The hobgoblin hits you.
* * * LOW HITPOINT WARNING * * *
The ball python bites you.
You die...

..... ..#........# .....
...#......... ....##
##g##.......#.
....###.........#...
#..............#... ##
#..................
##..#..................
##....g†S.###...........
......b@#..........###..
.....##.#.####.....###..
.... ....# #.......##..
.. ..#### #.......##..
.... #.......# ##
....#######.....#####
(.....................
..)...#################


You could see a hobgoblin, a goblin, a bat and a ball python.

Vanquished Creatures
  A dart slug (D:1)
  A giant cockroach (D:1)
  A frilled lizard (D:1)
3 creatures vanquished.

Notes
Turn   | Place    | Note
-------+----------+-------------------------------------------
     0 | D:1      | ThatPearl the Djinni Transmuter began the quest for the
                  | Orb.
     0 | D:1      | ThatPearl set off with the following spells memorised:
                  | Beastly Appendage, Wereblood, Spider Form, Ice Form.
     0 | D:1      | Reached XP level 1. HP: 17/17 MP: 0/0
   235 | D:1      | Slain by a ball python

Illustrated notes

Levels and vault maps discovered:
D:1:      sevenhm_arrival_forest_fort_large_4, layout_rooms,
          shapermc_ecumenical_altar_notcrosses, serial_shops,
          nicolae_diamond_shop

Action                   || total
-------------------------++-------
Melee: Unarmed           ||    13
 Cast: Beastly Appendage ||     1
Armor: Robe              ||     3
Dodge: Dodged            ||    18
